 Dungeon Crawl Stone Soup version 0.29.1-15-g9cfb28693d (webtiles) character file.

Game seed: 15164895346552406062

155 leetdood the Trooper (level 5, 0/70 HPs)
             Began as a Minotaur Fighter on Mar 13, 2023.
             Succumbed to Robin's poison
             ... on level 2 of the Dungeon.
             The game lasted 00:07:46 (2175 turns).

leetdood the Trooper (Minotaur Fighter)             Turns: 2175, Time: 00:07:46

Health: 0/70       AC:  9    Str: 23    XL:     5   Next: 14%
Magic:  4/4        EV:  7    Int:  5    God:
Gold:   211        SH:  4    Dex:  9    Spells: 4/4 levels left

rFire   . . .      SeeInvis .   a - +0 war axe
rCold   . . .      Faith    .   c - +0 buckler
rNeg    . . .      Spirit   .   m - +0 chain mail
rPois   .          Reflect  .   (helmet restricted)
rElec   .          Harm     .   (no cloak)
rCorr   .          Rampage  .   (no gloves)
Will    .....                   (no boots)
Stlth   ..........              (no amulet)
HPRegen 0.21/turn               (no ring)
MPRegen 0.09/turn               (no ring)

@: berserking (expiring), lethally poisoned (0 -> -8), very quick
A: horns 2, retaliatory headbutt
a: no special abilities


You were on level 2 of the Dungeon.
You visited 1 branch of the dungeon, and saw 3 of its levels.

You collected 211 gold pieces.

Inventory:

Hand Weapons
 a - a +0 war axe (weapon)
Armour
 c - a +0 buckler (worn)
 m - a +0 chain mail (worn)
Scrolls
 e - 5 scrolls of identify {unknown}
 i - a scroll of enchant armour {unknown}
 k - 3 scrolls of brand weapon {unknown}
 n - a scroll of poison {unknown}
 o - a scroll of blinking {unknown}
 p - a scroll of teleportation {unknown}
Potions
 b - a potion of lignification {unknown}
 d - a potion of might
 f - a potion of brilliance {unknown}
 g - a potion of berserk rage
 h - a potion of cancellation {unknown}
 j - 2 potions of curing {unknown}
 l - a potion of heal wounds {unknown}


   Skills:
 + Level 4.6 Fighting
 * Level 4.3 Axes
 + Level 4.5 Armour
 + Level 4.5 Shields


You had 4 spell levels left.
You didn't know any spells.
Your spell library contained the following spells:

 Spells                   Type           Power      Damage    Failure   Level
 Portal Projectile        Hex/Tloc       0%         N/A       100%        3
 Tukima's Dance           Hex            0%         N/A       100%        3
 Blade Hands              Tmut           0%         N/A       100%        5


Dungeon Overview and Level Annotations

Branches:
Dungeon (3/15)

Altars:

Shops:
D:2 [

Annotations:
D:3 Robin


Innate Abilities, Weirdness & Mutations

You have a pair of horns on your head.
You reflexively headbutt those who attack you in melee.


Message History

You block the hobgoblin's attack.
Robin hits you from afar with a +2 spear of venom.
The hobgoblin closely misses you. You block Robin's attack.
You closely miss the hobgoblin.
The hobgoblin is severely wounded.
You feel very sick. The hobgoblin hits you. Robin hits you but does no damage.
You are more poisoned.
You feel very sick. You block the hobgoblin's attack.
Robin hits you from afar with a +2 spear of venom.
* * * LOW HITPOINT WARNING * * *
You are lethally poisoned!
You climb upwards.
* * * LOW HITPOINT WARNING * * *
You feel extremely sick.
There is a stone staircase leading down, spattered with blood here.
It was a potion of berserk rage.
A red film seems to cover your vision as you go berserk!
You feel yourself moving faster!
You feel mighty!
* * * LOW HITPOINT WARNING * * *
You feel very sick. The hobgoblin barely misses you. You furiously retaliate!
You headbutt the hobgoblin. You slice the hobgoblin!!
You kill the hobgoblin!
* * * LOW HITPOINT WARNING * * *
You feel sick.
You are too berserk!
You are too berserk!
* * * LOW HITPOINT WARNING * * *
You feel sick.
Things that are here:
a +0 dagger; a hobgoblin corpse; a goblin skeleton You feel a strong urge to attack something.
* * * LOW HITPOINT WARNING * * *
You feel sick.
Things that are here:
a +0 dagger; a goblin skeleton You die...

#........# #.#####.#
#.######.## ##.......########
#.### ##.## ##...............#
#.#.######.###.#..####.######.#
#.[#.†.........#..# #.# #.#
###.#.###...........####.# #.#
....#.# #.##.#..)>.......# #.#
..###.# #.##.###)#)#####.# #.#
#.###.# #.##.# #@#.## #.# #.#
......# #.##.# #....## #.# #.#
#)##### #.##.###.#.#.###.# #.#
..#######.##.##...(......# #.#
####......##...#.#.#.##### #.#
.# #.#.......#..........# #.#
.# #.#.#####.........##.# ##.#
.# #.#.# #.##.##.#.##.# ##...
.# #.#.#####.##.##.#.##.# #....


There were no monsters in sight!

Vanquished Creatures
  6 adders
  2 worms (D:2)
  3 dart slugs (D:1)
  9 ball pythons
  9 endoplasms
  4 giant cockroaches
  11 goblins
  10 hobgoblins
  4 jackals (D:2)
  3 quokkas
  6 bats
  2 frilled lizards (D:1)
  7 kobolds
  7 rats
83 creatures vanquished.

Notes
Turn   | Place    | Note
-------+----------+-------------------------------------------
     0 | D:1      | leetdood the Minotaur Fighter began the quest for the Orb.
     0 | D:1      | Reached XP level 1. HP: 19/19 MP: 0/0
   286 | D:1      | Reached XP level 2. HP: 12/27 MP: 1/1
   672 | D:1      | Reached XP level 3. HP: 31/33 MP: 2/2
  1219 | D:2      | Reached XP level 4. HP: 40/40 MP: 3/3
  1351 | D:2      | Found Utoceky's Antique Armour Shop.
  1687 | D:2      | Identified the +11 sling "Vuses" {speed, rElec rN+ Will+
                  | Stlth-}
  1892 | D:3      | Noticed Robin
  1899 | D:3      | Reached XP level 5. HP: 30/47 MP: 4/4
  2173 | D:2      | HP: 2/70 [poisoned by Robin]
  2175 | D:2      | Succumbed to Robin's poison

Illustrated notes

Levels and vault maps discovered:
D:1:      lordsloth_arrival_two_stooges, layout_rooms, minmay_misc_feat_iff,
          minmay_pentomino_r4
D:2:      layout_loops_ring, serial_shops, shop, minivault_11,
          minmay_increasing_density
D:3:      layout_loops_ring, hellmonk_ecumenical_altar_lost_god, uniq_sigmund,
          uniq_robin, uniq_ijyb

Skill      XL: |  1  2  3  4 |
---------------+-------------+-----
Fighting       | 4 |  4.6
Axes           | 3 4 |  4.3
Armour         | 4 |  4.5
Shields        | 4 |  4.5

Action                   |  1- 3 |  4- 6 || total
-------------------------+-------+-------++-------
Melee: War axe           |    95 |    74 ||   169
       Headbutt          |    11 |     9 ||    20
  Use: Potion            |       |     1 ||     1
Armor: Scale mail        |    40 |    22 ||    62
       Chain mail        |       |    34 ||    34
Dodge: Dodged            |    36 |    39 ||    75
Block: Buckler           |    17 |    29 ||    46
